 Dungeon Crawl Stone Soup version 0.25-a0-378-gd2ca0b7745 (webtiles) character file.

Game seed: 2442733174259971506, levelgen mode: deterministic

146858 DerDa the Warrior (level 16, -10/235 HPs)
             Began as a Minotaur Berserker on Jan 7, 2020.
             Was the Champion of Trog.
             Mangled by a jumping spider (12 damage)
             ... on level 2 of the Spider Nest.
             The game lasted 01:20:54 (23564 turns).

DerDa the Warrior (Minotaur Berserker)             Turns: 23564, Time: 01:20:55

Health: -10/235    AC:  2    Str: 36    XL:     16   Next: 90%
Magic:  13/13      EV: 15    Int:  4    God:    Trog [******]
Gold:   1294       SH: 14    Dex: 10    Spells: 15/15 levels left

rFire    + . .     SeeInvis +   a - +7 double sword "Guwoiseq" {flame, rC++ MP-9 Str+2}
rCold    + + .     Gourm    .   m - +0 shield
rNeg     . . .     Faith    .   M - +15 Maxwell's patent armour {-Cast -Tele rElec MR+ rCorr}
rPois    +         Spirit   .   F - +1 hat {MR+}
rElec    +         Reflect  .   Z - +2 cloak {rF+}
rCorr    +         Harm     .   v - +1 pair of gloves
MR       +++++     NoTele   +   (no boots) Stlth ..........NoCast +
                                o - amulet "Homo Meo" {Acrobat +Inv rPois MR+ SInv}
HPRegen  1.49/turn              O - ring of flight
MPRegen  0.13/turn              e - +4 ring of slaying

@: berserking (expiring), corroded, regenerating, very quick
A: retaliatory headbutt, horns 2
a: Berserk, Trog's Hand, Brothers in Arms, Renounce Religion, Evoke
Invisibility, Evoke Flight


You were on level 2 of the Spider Nest.
You worshipped Trog.
Trog was exalted by your worship.
You were not hungry.

You visited 5 branches of the dungeon, and saw 26 of its levels.
You also visited: Gauntlet, Ice Cave and Volcano.

You collected 2370 gold pieces.
You spent 1076 gold pieces at shops.

Inventory:

Hand Weapons
 a - the +7 double sword "Guwoiseq" (weapon) {flame, rC++ MP-9 Str+2}
   (Trog gifted it to you on level 8 of the Dungeon)

   It has been specially enchanted to burn those struck by it, causing extra
   injury to most foes and up to half again as much damage against particularly
   susceptible opponents.
   Big, fiery blades are also staple armaments of hydra-hunters.
   It affects your strength (+2).
   It greatly protects you from cold.
   It affects your magic capacity (-9).
 b - a +3 hunting sling of velocity
 r - a +7 double sword
Missiles
 h - 189 sling bullets
 E - 152 bolts
Armour
 m - a +0 shield (worn)
 v - a +1 pair of gloves (worn)
 w - a +2 cloak of cold resistance
 F - a +1 hat of magic resistance (worn)
 M - the +15 Maxwell's patent armour (worn) {-Cast -Tele rElec MR+ rCorr}
   (You acquired it on level 12 of the Dungeon)

   It insulates you from electricity.
   It affects your resistance to hostile enchantments.
   It prevents spellcasting.
   It prevents most forms of teleportation.
   It provides partial protection from all sources of acid and corrosion.
 Z - a +2 cloak of fire resistance (worn)
Jewellery
 e - a +4 ring of slaying (right hand)
 o - the amulet "Homo Meo" (around neck) {Acrobat +Inv rPois MR+ SInv}
   (You found it on level 6 of the Lair of Beasts)

   [amulet of the acrobat]

   It helps you evade while moving and waiting.
   It protects you from poison.
   It affects your resistance to hostile enchantments.
   It lets you see invisible.
   It lets you turn invisible.
 K - an uncursed ring of see invisible
 L - the amulet of the Chupacabra {Gourm rPois rN+ Str+4 Dex-5}
   (You found it in a Gauntlet)

   [amulet of the gourmand]

   It allows you to eat raw meat even when not hungry.
   It affects your strength (+4).
   It affects your dexterity (-5).
   It protects you from poison.
   It protects you from negative energy.
 O - a ring of flight (left hand)
 U - an uncursed amulet of regeneration
Wands
 i - a wand of acid (16)
 x - a wand of scattershot (8)
 z - a wand of disintegration (12)
 H - a wand of polymorph (6)
 T - a wand of enslavement (9)
 W - a wand of digging (9)
 Y - a wand of flame (44)
Scrolls
 d - 6 scrolls of enchant armour
 f - a scroll of brand weapon {unknown}
 k - 13 scrolls of remove curse
 l - a scroll of summoning
 n - 7 scrolls of blinking
 y - 6 scrolls of enchant weapon
 A - a scroll of vulnerability {unknown}
 G - 5 scrolls of identify
 J - 3 scrolls of fear
 P - 5 scrolls of magic mapping
 Q - 2 scrolls of silence
 V - 8 scrolls of teleportation
Potions
 g - 4 potions of ambrosia
 j - 2 potions of agility
 p - 7 potions of heal wounds
 q - 7 potions of mutation
 s - 5 potions of haste
 B - a potion of magic
 C - 6 potions of curing
 I - 9 potions of might
 N - 3 potions of resistance
Miscellaneous
 t - a sack of spiders
 u - a fan of gales
 S - a phial of floods (inert)
 X - a lamp of fire (inert)
Comestibles
 c - 59 rations


   Skills:
 * Level 17.9 Fighting
 + Level 13.4 Long Blades
 * Level 2.7 Slings
 + Level 13.1 Armour
 * Level 16.5 Dodging
 + Level 12.8 Shields
 + Level 10.2 Evocations


You had 15 spell levels left.
You didn't know any spells.
Your spell library was empty.

Dungeon Overview and Level Annotations

Branches:
Dungeon (15/15)            Temple (1/1) D:5            Lair (6/6) D:8
 Shoals (0/4) Lair:3       Spider (2/4) Lair:3        Slime (0/5) Lair:6
    Orc (2/2) D:9             Elf (0/3) Orc:2        Vaults (0/5) D:13
 Depths (0/5) D:15          IceCv (visited)         Volcano (visited)
Gauntlet (visited)

Altars:
Ashenzari
Cheibriados
Dithmenos
Elyvilon
Fedhas
Gozag
Hepliaklqana
Kikubaaqudgha
Makhleb
Nemelex Xobeh
Okawaru
Qazlal
Ru
Sif Muna
Trog
Uskayaw
Vehumet
Wu Jian
Xom
Yredelemnul
Zin
The Shining One
Beogh

Shops:
D:9 [   Orc:1 [[   Orc:2 }?((*

Annotations:
D:10 1 runed translucent door, Caramio's ghost, journeyman DDFi


Innate Abilities, Weirdness & Mutations

You reflexively headbutt those who attack you in melee.
You have a pair of horns on your head.


Message History

You block the entropy weaver's attack. The entropy weaver hits you!
* * * LOW HITPOINT WARNING * * *
Unknown command.
You miss the entropy weaver.
The entropy weaver is severely wounded.
The jumping spider pounces on you.
* * * LOW HITPOINT WARNING * * *
You are caught in a web!
The jumping spider bites you but does no damage.
The entropy weaver mumbles some strange words.
The entropic weave corrodes you!
The web tears apart.
The jumping spider completely misses you.
The jumping spider bites you.
* * * LOW HITPOINT WARNING * * *
You closely miss the entropy weaver.
You headbutt the entropy weaver, but do no damage.
The entropy weaver is severely wounded.
The jumping spider pounces on you!
You die...

##....#..#†.....°[......
#.............†....#....
#.......#...(.#.........
##......#.........#.....
#..#^.....#.#..........
#####........#.........
##s..†.sa........./
#as#..............
#@##.......^#.....
###............#.#
#............#...
##....#.......#..
##...#^..#...#..
#####^..#......
#####...... .....#.
.....#.


You could see an entropy weaver and 2 jumping spiders.

Vanquished Creatures
  Rupert (D:14)
  Frances (D:14)
  A sphinx (D:13)
  A frost giant (IceCv)
  A fire giant (D:15)
  2 emperor scorpions (Spider:2)
  Aizul (Spider:2)
  A stone giant (Orc:2)
  Nessos (Lair:6)
  5 dire elephants (Lair:6)
  A minotaur (Gauntlet)
  A spark wasp (Spider:1)
  A red draconian (Volcano)
  2 ettins
  A fire dragon (D:11)
  9 hydras
  4 vault guards (D:13)
  4 centaur warriors
  An anaconda (Lair:6)
  2 catoblepae
  5 two-headed ogres
  2 tengu warriors
  15 death yaks
  An orc high priest (Orc:2)
  3 ogre magi (Orc:2)
  Nergalle (Lair:2)
  6 unseen horrors
  Pikel (D:8)
  5 orc knights
  7 orb spiders
  11 wolf spiders
  11 orc sorcerers
  11 ugly things
  4 cyclopes
  A manticore (D:15)
  15 elephants
  A deep elf mage (D:15)
  Joseph (D:7)
  2 black mambas
  An ice statue (IceCv)
  4 gargoyles
  A molten gargoyle (Volcano)
  11 spiny frogs
  Maggie (D:9)
  A rime drake (shapeshifter) (D:13)
  A centaur skeleton (D:14)
  5 demonic crawlers
  A yaktaur (Volcano)
  4 rime drakes
  4 komodo dragons
  A tengu conjurer (D:14)
  19 polar bears
  4 trolls
  A merfolk (shapeshifter) (D:15)
  12 jumping spiders
  A hornet (D:12)
  6 slime creatures
  A raiju (Gauntlet)
  A hippogriff (shapeshifter) (D:15)
  34 blink frogs
  A snapping turtle (Lair:3)
  2 centaur simulacra (D:14)
  12 hippogriffs
  A shadow (D:12)
  A meliai zombie (D:15)
  21 redbacks
  4 water elementals
  2 vampires
  37 yaks
  6 tarantellas
  5 fire bats
  A wraith (D:15)
  Grum (D:9)
  5 wyverns
  A human (D:7)
  Eustachio (D:6)
  3 steam dragons
  A neqoxec (Gauntlet)
  4 hogs (D:7)
  6 basilisks
  A human (shapeshifter) (D:14)
  9 vampire mosquitoes
  3 chaos spawn (Gauntlet)
  2 wargs (Orc:2)
  Menkaure (D:6)
  2 hungry ghosts
  2 soldier ants
  10 water moccasins
  7 porcupines
  3 black bears (D:8)
  A meliai simulacrum (D:15)
  A sky beast (D:5)
  4 slaves (D:8)
  18 orc warriors
  2 eyes of draining
  2 phantoms
  7 ice beasts
  A necrophage (D:13)
  11 ogres
  53 wolves
  15 centaurs
  11 crocodiles
  3 big kobolds
  17 bullfrogs
  7 earth elementals (D:14)
  A wyvern skeleton (D:12)
  7 scorpions
  4 jellies
  21 killer bees
  11 wights
  4 electric eels
  4 howler monkeys
  5 lava snakes (Volcano)
  9 crimson imps
  3 bullfrog zombies
  3 centaur zombies
  9 orc priests
  A gnoll shaman (D:7)
  9 hounds
  31 orc wizards
  3 bullfrog skeletons
  Terence (D:2)
  6 iguanas
  A lightning spire (Gauntlet)
  14 worker ants
  A hound skeleton (D:6)
  A worker ant zombie (D:6)
  9 gnolls
  A howler monkey skeleton (D:6)
  8 adders
  7 shadow imps
  2 white imps (D:14)
  3 adder skeletons
  2 worms
  3 dart slugs
  5 leopard geckos
  102 orcs
  3 ball pythons (D:5)
  5 giant cockroaches
  7 goblins
  3 hobgoblins
  17 jackals
  2 quokkas
  9 bats
  4 frilled lizards (D:2)
  A jackal skeleton (D:6)
  A jackal zombie (D:5)
  17 kobolds
  A quokka zombie (D:7)
  9 rats
  3 plants (Lair:6)
939 creatures vanquished.

Vanquished Creatures (collateral kills)
  A redback (Spider:2)
  A lightning spire (Gauntlet)
2 creatures vanquished.

Vanquished Creatures (others)
  An ogre (Orc:2)
  2 orc wizards
  An orc (D:15)
  29 fungi
  4 plants
37 creatures vanquished.

Grand Total: 978 creatures vanquished

Notes
Turn   | Place    | Note
-------+----------+-------------------------------------------
     0 | D:1      | DerDa the Minotaur Berserker began the quest for the Orb.
     0 | D:1      | Reached XP level 1. HP: 19/19 MP: 0/0
    57 | D:1      | Reached XP level 2. HP: 24/27 MP: 1/1
   121 | D:1      | Reached skill level 4 in Fighting
   158 | D:1      | Reached ** piety under Trog
   271 | D:1      | Reached XP level 3. HP: 33/33 MP: 2/2
   435 | D:1      | You fall into a shaft and drop 1 floor!
   701 | D:2      | Reached XP level 4. HP: 36/41 MP: 3/3
   818 | D:2      | Noticed Terence
   832 | D:2      | Killed Terence
   835 | D:2      | Reached skill level 1 in Shields
   875 | D:2      | Found a shimmering altar of Xom.
  1016 | D:2      | Reached XP level 5. HP: 16/47 MP: 4/4
  1021 | D:2      | Reached skill level 5 in Fighting
  1153 | D:2      | Reached *** piety under Trog
  2125 | D:4      | Reached skill level 1 in Evocations
  2125 | D:4      | Reached XP level 6. HP: 51/56 MP: 5/5
  2453 | D:5      | Entered Level 5 of the Dungeon
  2570 | D:5      | Reached **** piety under Trog
  2570 | D:5      | Reached XP level 7. HP: 60/62 MP: 7/7
  2574 | D:5      | Reached skill level 6 in Fighting
  2615 | D:5      | Reached skill level 5 in Long Blades
  2668 | D:5      | Reached skill level 5 in Dodging
  2681 | D:5      | HP: 2/63 [ogre/+0 giant club (23)]
  2878 | D:5      | Reached XP level 8. HP: 46/71 MP: 8/8
  2948 | D:5      | Found a staircase to the Ecumenical Temple.
  2967 | Temple   | Entered the Ecumenical Temple
  3448 | D:6      | Reached skill level 7 in Fighting
  3538 | D:6      | Noticed Menkaure
  3548 | D:6      | Killed Menkaure
  3837 | D:6      | Noticed Eustachio
  3847 | D:6      | Killed Eustachio
  3847 | D:6      | Reached skill level 5 in Armour
  4370 | D:6      | Reached skill level 8 in Fighting
  4525 | D:7      | Reached XP level 9. HP: 63/81 MP: 10/10
  4800 | D:7      | Noticed Joseph
  4822 | D:7      | Killed Joseph
  4822 | D:7      | Reached ***** piety under Trog
  4822 | D:7      | Received a gift from Trog
  4984 | D:7      | Reached skill level 5 in Shields
  5287 | D:7      | Reached skill level 9 in Fighting
  5746 | D:7      | Reached XP level 10. HP: 64/91 MP: 12/12
  6190 | D:8      | Reached skill level 10 in Fighting
  6354 | D:8      | Found a staircase to the Lair.
  6414 | D:8      | Noticed a tengu warrior
  6423 | D:8      | Received a gift from Trog
  6463 | D:8      | Killed a tengu warrior
  6477 | D:8      | Got a slimy double sword {god gift}
  6477 | D:8      | Identified the +7 double sword "Guwoiseq" {flame, rC++ MP-9
                  | Str+2} (Trog gifted it to you on level 8 of the Dungeon)
  6854 | D:8      | Found a blossoming altar of Fedhas.
  7049 | D:9      | Found Gubaagaj's Antique Armour Boutique.
  7095 | D:9      | Reached skill level 5 in Evocations
  7111 | D:9      | Reached XP level 11. HP: 80/101 MP: 4/13
  7117 | D:9      | Noticed Maggie
  7121 | D:9      | Reached skill level 11 in Fighting
  7127 | D:9      | Killed Maggie
  7306 | D:9      | Noticed Grum
  7310 | D:9      | Reached skill level 10 in Dodging
  7319 | D:9      | Killed Grum
  7332 | D:9      | Received a gift from Trog
  7407 | D:9      | Found an iron altar of Okawaru.
  7495 | D:9      | Found a staircase to the Orcish Mines.
  7735 | D:10     | Entered Level 10 of the Dungeon
  7756 | D:10     | Found a runed translucent door.
  7756 | D:10     | Found a shimmering altar of Xom.
  7756 | D:10     | Noticed Caramio's ghost (journeyman DDFi)
  7756 | D:10     | Noticed a +2 morningstar of chaos
  7950 | D:10     | Killed an unseen horror
  8014 | D:10     | Identified the +1 robe of Kynuorph {rC+}
  8120 | D:10     | Killed an unseen horror
  8315 | D:11     | Noticed a fire dragon
  8329 | D:11     | HP: 7/156 [fire dragon/blast of flame (10)]
  8333 | D:11     | Killed a fire dragon
  8532 | D:11     | Reached skill level 12 in Fighting
  8560 | D:11     | Killed an unseen horror
  8661 | D:11     | Found a shimmering altar of Xom.
  8661 | D:11     | Found a shimmering altar of Xom.
  8661 | D:11     | Found a shimmering altar of Xom.
  8661 | D:11     | Found a shimmering altar of Xom.
  8661 | D:11     | Found a shimmering altar of Xom.
  8826 | D:11     | Received a gift from Trog
  8866 | D:11     | Found a shimmering altar of Xom.
  8868 | D:11     | Noticed an eight-headed hydra
  8877 | D:11     | Killed a five-headed hydra
  8877 | D:11     | Reached XP level 12. HP: 75/112 MP: 6/15
  8889 | D:11     | Found a shimmering altar of Xom.
  8889 | D:11     | Found a shimmering altar of Xom.
  9002 | Lair:1   | Entered Level 1 of the Lair of Beasts
  9043 | Lair:1   | You fall into a shaft and drop 1 floor!
  9092 | Lair:2   | Noticed a catoblepas
  9105 | Lair:2   | Killed a catoblepas
  9261 | Lair:2   | Noticed Nergalle
  9269 | Lair:2   | Killed Nergalle
  9330 | Lair:2   | Reached skill level 13 in Fighting
  9421 | Lair:1   | Noticed an eight-headed hydra
  9426 | Lair:1   | Killed a six-headed hydra
  9605 | Lair:1   | Reached skill level 10 in Long Blades
  9616 | Lair:1   | Received a gift from Trog
 10731 | Lair:3   | Reached XP level 13. HP: 106/122 MP: 8/17
 10879 | Lair:3   | Found a hole to the Spider Nest.
 11187 | Lair:3   | Found a staircase to the Shoals.
 11808 | Lair:4   | Reached skill level 10 in Armour
 11856 | Lair:4   | Reached skill level 14 in Fighting
 12646 | Lair:5   | Found a gate leading to a gauntlet.
 12667 | Gauntlet | Entered a Gauntlet
 12667 | Gauntlet | Found a transporter.
 12684 | Gauntlet | Found a transporter.
 12708 | Gauntlet | Found a transporter.
 12725 | Gauntlet | Found a transporter.
 12726 | Gauntlet | Found a transporter.
 12726 | Gauntlet | Found a transporter.
 12732 | Gauntlet | Paralysed by a chaos spawn for 7 turns
 12758 | Gauntlet | Found a transporter.
 12778 | Gauntlet | Found a transporter.
 12793 | Gauntlet | Received a gift from Trog
 12802 | Gauntlet | Found a transporter.
 12835 | Gauntlet | Found a transporter.
 12857 | Gauntlet | Found a transporter.
 12902 | Gauntlet | Got a coiled tin amulet
 13004 | Gauntlet | Found a transporter.
 13026 | Gauntlet | Noticed a minotaur
 13037 | Gauntlet | Killed a minotaur
 13071 | Gauntlet | Identified the amulet of the Chupacabra {Gourm rPois rN+
                  | Str+4 Dex-5} (You found it in a Gauntlet)
 13075 | Lair:5   | Reached skill level 10 in Shields
 13110 | Lair:5   | Found a dark tunnel.
 13129 | Volcano  | Entered a volcano
 13467 | Volcano  | Found a radiant altar of Vehumet.
 13558 | Volcano  | Noticed a red draconian
 13571 | Volcano  | Killed a red draconian
 13709 | Lair:5   | Reached XP level 14. HP: 131/133 MP: 9/18
 14300 | Lair:6   | Entered Level 6 of the Lair of Beasts
 14477 | Lair:6   | Reached skill level 15 in Fighting
 14487 | Lair:6   | Received a gift from Trog
 14575 | Lair:6   | Identified a scroll of acquirement
 14792 | Lair:6   | Noticed Nessos
 14798 | Lair:6   | Killed Nessos
 14883 | Lair:6   | Found a staircase to the Slime Pits.
 15561 | Lair:6   | Got a warped buckler
 15615 | Lair:6   | Got a fine bone amulet
 16179 | Orc:1    | Entered Level 1 of the Orcish Mines
 16179 | Orc:1    | Found Qoisapig's Antique Armour Boutique.
 16210 | Orc:1    | Identified the -3 buckler of the Untouchables {*Corrode rC+
                  | Str+3} (You found it on level 6 of the Lair of Beasts)
 16226 | Orc:1    | Identified the amulet "Homo Meo" {Acrobat +Inv rPois MR+
                  | SInv} (You found it on level 6 of the Lair of Beasts)
 16241 | Orc:1    | Received a gift from Trog
 16275 | Orc:1    | Found Ziqo's Antique Armour Boutique.
 16284 | Orc:1    | Bought a bronze plate armour for 952 gold pieces
 16294 | Orc:1    | Identified the +4 plate armour of the Thunderstorm {MR-
                  | Dex+5 Slay+2} (You bought it in a shop on level 1 of the
                  | Orcish Mines)
 16486 | Orc:2    | Entered Level 2 of the Orcish Mines
 16503 | Orc:2    | Reached XP level 15. HP: 100/143 MP: 11/20
 17101 | Orc:1    | Reached skill level 16 in Fighting
 17258 | Orc:2    | Found Soumoxtugh's Assorted Antiques.
 17299 | Orc:2    | Bought a scroll of identify for 38 gold pieces
 17299 | Orc:2    | Bought a scroll of identify for 38 gold pieces
 17368 | Orc:2    | Found a staircase to the Elven Halls.
 17382 | Orc:2    | Found a roughly hewn altar of Beogh.
 17653 | Orc:2    | Received a gift from Trog
 17662 | Orc:2    | Found Ajuur's Magic Scroll Shoppe.
 17700 | Orc:2    | Found Catet's Antique Weapon Emporium.
 17726 | Orc:2    | Bought a scroll of identify for 24 gold pieces
 17726 | Orc:2    | Bought a scroll of identify for 24 gold pieces
 17765 | Orc:2    | Found an ancient bone altar of Kikubaaqudgha.
 17845 | Orc:2    | Found a radiant altar of Vehumet.
 18000 | Orc:2    | Found Sixaqype's Gadget Emporium.
 18000 | Orc:2    | Found a roughly hewn altar of Beogh.
 18018 | Orc:2    | Reached skill level 15 in Dodging
 18045 | Orc:2    | Found Gunlopaa's Antique Weapon Emporium.
 18591 | D:12     | Received a gift from Trog
 19095 | D:12     | Found the +15 Maxwell's patent armour {-Cast -Tele rElec
                  | MR+ rCorr}
 19315 | D:13     | Found an ornate altar of the Wu Jian Council.
 19589 | D:13     | Found a gate to the Vaults.
 19817 | D:13     | Noticed a sphinx
 19820 | D:13     | Killed a sphinx
 19820 | D:13     | Received a gift from Trog
 19931 | D:14     | Found a frozen archway.
 19965 | IceCv    | Entered an ice cave
 20239 | IceCv    | Reached ****** piety under Trog
 20270 | IceCv    | Noticed a frost giant
 20287 | IceCv    | Killed a frost giant
 20602 | D:14     | Reached skill level 17 in Fighting
 20648 | D:14     | Reached XP level 16. HP: 148/155 MP: 13/22
 20678 | D:14     | Noticed Rupert
 20683 | D:14     | Killed Rupert
 20693 | D:14     | Noticed Frances
 20709 | D:14     | Killed Frances
 21171 | D:14     | Received a gift from Trog
 21484 | D:15     | Entered Level 15 of the Dungeon
 21692 | D:15     | Found a staircase to the Depths.
 22214 | D:15     | Received a gift from Trog
 22487 | D:8      | Noticed Pikel
 22496 | D:8      | Killed Pikel
 22593 | Spider:1 | Entered Level 1 of the Spider Nest
 22677 | Spider:1 | Reached skill level 10 in Evocations
 23140 | Spider:1 | Reached skill level 1 in Slings
 23142 | Spider:1 | Found a roughly hewn altar of Beogh.
 23220 | Spider:1 | Got a dazzling spear
 23220 | Spider:1 | Identified the +5 spear "Hatopt" {drain, Dex+2} (You found
                  | it on level 1 of the Spider Nest)
 23414 | Spider:2 | Noticed Aizul
 23427 | Spider:2 | Killed Aizul
 23561 | Spider:2 | HP: 6/235 [entropy weaver (10)]
 23563 | Spider:2 | HP: 1/235 [jumping spider (5)]
 23564 | Spider:2 | Mangled by a jumping spider

Levels and vault maps discovered:
D:1:      dpeg_arrival_round_a, layout_basic, nrook_campfire,
          minmay_worlds_worst_comb
D:2:      layout_basic, xom_butterflies, kennysheep_small_spiral,
          minmay_pentomino_r4, uniq_terence
D:3:      layout_loops_ring
D:4:      layout_basic, chequers_serial_rivers_micro_c
D:5:      layout_loops_cross, minmay_temple_entry_mist, first_ration
D:6:      layout_loops_corners, uniq_eustachio, uniq_menkaure
D:7:      layout_basic, kennysheep_diamond, grunt_livestock, chequers_avenue,
          uniq_joseph
D:8:      layout_gridville, due_lair_maze_entry_diamond,
          fedhas_bush_and_centaur_altar, uniq_pikel
D:9:      layout_rooms, hiddenorc1_lemuel, serial_shops, shop, st_stairs_12,
          okawaru_ov_weapons_minmay, uniq_maggie, uniq_grum
D:10:     layout_roguey, ebering_ghost_xom, minmay_unpleasant_kobolds
D:11:     layout_roguey, hangedman_abyss_or_decor_slice, xom_shifter_show
D:12:     layout_layer_cave
D:13:     layout_cave_pools, lightli_vaults_fourway_checkpoint, basic_altar,
          kennysheep_just_a_vault
D:14:     layout_cave_pools, minmay_misc_feat_columns, serial_ice, serial_ice_k,
          serial_ice_m, serial_ice_b, serial_ice_f, portal_ice_cave_rime,
          hangedman_cracks_in_the_wall, uniq_rupert, uniq_frances
D:15:     grunt_enter_depths_giant_problem, layout_basic, grunt_ministairs_9
Temple:   kilobyte_greek_temple
Lair:1:   layout_regular_city, grunt_megastairs_4
Lair:2:   layout_gridlike, grunt_forest_large_clearings, uniq_nergalle
Lair:3:   layout_roguey, minmay_shoals_entry_hut, spider_nest_entry_funnel_web,
          infiniplex_staircase_pool
Lair:4:   layout_cave_shapes
Lair:5:   layout_roguey, nicolae_volcano_entry_batcave, gauntlet_entry_generic,
          serial_bayou_shore_b
Lair:6:   due_jungle_book, layout_regular_city, slime_dummy, minivault_27,
          uniq_nessos
Spider:1: nicolae_spider_mines_2
Spider:2: layout_spider_delve, uniq_aizul
Orc:1:    layout_caves, serial_shops, shop, shop
Orc:2:    kennysheep_orc_mage_school, layout_diamond_mine, basic_altar,
          guppyfry_orc_lava_fort

Skill      XL: |  1  2  3  4  5  6  7  8  9 10 11 12 13 14 15 16 |
---------------+-------------------------------------------------+-----
Fighting       | 4 5 6 8 9 10 12 13 14 15 17 | 17.9
Long Blades    | 4 5 6 7 8 9 10 11 12 13 | 13.4
Dodging        | 3 4 5 6 8 9 11 12 13 14 15 16 | 16.5
Armour         | 3 4 5 6 7 8 9 10 11 12 13 | 13.1
Shields        | 1 2 3 4 5 6 8 9 10 11 12 | 12.8
Evocations     | 1 2 3 4 5 6 7 8 9 10 | 10.2
Slings         | 2 |  2.7

Action                   |  1- 3 |  4- 6 |  7- 9 | 10-12 | 13-15 | 16-18 || total
-------------------------+-------+-------+-------+-------+-------+-------++-------
Melee: Falchion          |    69 |   191 |   409 |   167 |       |       ||   836
       Headbutt          |     7 |    42 |    75 |   125 |   244 |   113 ||   606
       Double sword      |       |       |       |   422 |   908 |   342 ||  1672
 Fire: Hunting sling     |       |       |       |       |       |    33 ||    33
Invok: Berserk           |       |     1 |     1 |     3 |     1 |     1 ||     7
       Trog's Hand       |       |       |     1 |     2 |     1 |     2 ||     6
 Abil: Evoke Flight      |       |       |       |       |       |     1 ||     1
Evoke: Wand              |       |       |       |       |     2 |     4 ||     6
       Lamp of fire      |       |       |       |       |     2 |     1 ||     3
       Phial of floods   |       |       |       |       |     1 |     1 ||     2
  Use: Scroll            |       |     1 |     2 |    13 |    12 |       ||    28
       Potion            |       |       |       |       |     5 |     1 ||     6
  Eat: Chunk             |       |     7 |     9 |    20 |    35 |     8 ||    79
       Ration            |       |       |     1 |       |       |     1 ||     2
Armor: Animal skin       |     3 |       |       |       |       |       ||     3
       Ring mail         |    22 |    75 |   164 |   287 |   108 |       ||   656
       Chain mail        |       |       |       |       |    72 |       ||    72
       Plate armour      |       |       |       |       |    91 |   254 ||   345
Dodge: Dodged            |    48 |    68 |   144 |   365 |   437 |   283 ||  1345
Block: Shield            |     2 |    85 |   215 |   418 |   581 |   300 ||  1601
       Rpst.: Falchion   |    13 |    19 |    31 |    16 |       |       ||    79
       Double sword      |       |       |       |    76 |   101 |    61 ||   238

Table legend:
 A = Non-vault XP
 B = Vault XP
 C = Vault XP percentage of total XP
 D = Non-vault monster count
 E = Vault monster count
 F = Vault count percentage of total count
                 A         B        C        D         E       F
            +---------+---------+-------+---------+---------+-------
      Total |  138577 |   71221 |  33.9 |     672 |     264 |  28.2
            +---------+---------+-------+---------+---------+-------
        D:1 |      48 |       8 |  14.3 |      27 |       4 |  12.9
        D:2 |     119 |      49 |  29.2 |      23 |       5 |  17.9
        D:3 |     100 |       0 |   0.0 |      21 |       0 |   0.0
        D:4 |     234 |       0 |   0.0 |      15 |       0 |   0.0
        D:5 |     895 |       0 |   0.0 |      28 |       0 |   0.0
        D:6 |     795 |     368 |  31.6 |      23 |       2 |   8.0
        D:7 |    1445 |    1588 |  52.4 |      39 |       7 |  15.2
        D:8 |    3028 |    1951 |  39.2 |      38 |      11 |  22.4
        D:9 |    3181 |    1021 |  24.3 |      41 |      22 |  34.9
       D:10 |    2334 |     203 |   8.0 |      19 |       6 |  24.0
       D:11 |    5356 |       0 |   0.0 |      31 |       0 |   0.0
       D:12 |    7684 |       0 |   0.0 |      36 |       0 |   0.0
       D:13 |    2694 |    8988 |  76.9 |      17 |      13 |  43.3
       D:14 |    8854 |    9861 |  52.7 |      29 |      23 |  44.2
       D:15 |   12502 |    3253 |  20.6 |      39 |       6 |  13.3
     Lair:1 |    3015 |     480 |  13.7 |      12 |       4 |  25.0
     Lair:2 |    6840 |    4425 |  39.3 |      21 |      32 |  60.4
     Lair:3 |    6578 |    1862 |  22.1 |      22 |       5 |  18.5
     Lair:4 |    7423 |       0 |   0.0 |      20 |       0 |   0.0
     Lair:5 |    7157 |     603 |   7.8 |      30 |       3 |   9.1
     Lair:6 |   26621 |    4235 |  13.7 |      48 |       6 |  11.1
   Spider:1 |    9754 |    3065 |  23.9 |      26 |       9 |  25.7
   Spider:2 |   11777 |    1581 |  11.8 |      27 |       1 |   3.6
      Orc:1 |    3983 |    1225 |  23.5 |      16 |       2 |  11.1
      Orc:2 |    5618 |    9668 |  63.2 |      22 |      42 |  65.6
      IceCv |       0 |    9886 | 100.0 |       0 |      36 | 100.0
    Volcano |       0 |    4307 | 100.0 |       0 |      15 | 100.0
   Gauntlet |     542 |    2594 |  82.7 |       2 |      10 |  83.3
            +---------+---------+-------+---------+---------+-------
